 Dungeon Crawl Stone Soup version 0.18.1-50-g88ac8fd (webtiles) character file.

143 Gargoyl the Skirmisher (level 5, 0/42 HPs)
             Began as a Demonspawn Abyssal Knight on Sept 14, 2016.
             Was a Believer of Lugonu.
             Slain by a black bear (1 damage)
             ... on level 3 of the Dungeon.
             The game lasted 00:04:32 (3257 turns).

Gargoyl the Skirmisher (Demonspawn Abyssal Knight)  Turns: 3257, Time: 00:04:32

Health: 0/42       AC: 12    Str: 13    XL:     5   Next: 4%
Magic:  6/6        EV:  6    Int: 14    God:    Lugonu [**....]
Gold:   157        SH:  0    Dex: 12    Spells: 0 memorised, 4 levels left

rFire  . . .     SeeInvis .     a - +1 hand axe
rCold  . . .     Gourm    .     d - +0 chain mail
rNeg   . . .     Faith    .     (no shield)
rPois  .         Spirit   .     b - +0 helmet
rElec  .         Dismiss  .     (no cloak)
rCorr  .         Reflect  .     (no gloves)
SustAt .         Harm     .     (no boots)
MR     .....                    (no amulet)
Stlth  ..........               (no ring)
                                (no ring)

@: not resistant to hostile enchantments, extremely unstealthy
A: slimy green scales 1
a: Depart the Abyss, Bend Space, Renounce Religion


You were on level 3 of the Dungeon.
You worshipped Lugonu.
Lugonu was pleased with you.
You were hungry.

You visited 1 branch of the dungeon, and saw 4 of its levels.
You visited the Abyss 1 time.

You collected 157 gold pieces.

Inventory:

Hand Weapons
 a - a +1 hand axe (weapon)
Missiles
 k - 9 javelins (quivered)
Armour
 b - a +0 helmet (worn)
 d - a +0 chain mail (worn)
 s - a +2 shield
Scrolls
 e - 2 scrolls of enchant armour {unknown}
 g - 3 scrolls of remove curse {unknown}
 h - 2 scrolls of identify {unknown}
 l - 2 scrolls of noise {unknown}
 m - a scroll of teleportation {unknown}
 p - a scroll of immolation {unknown}
 r - a scroll of fog {unknown}
Potions
 j - 2 potions of curing
 o - 2 potions of flight {unknown}
Books
 q - a book of Frost

   Spells                             Type                      Level
   a - Freeze                         Ice                          1
   b - Throw Frost                    Conjuration/Ice              2
   c - Ozocubu's Armour               Charms/Ice                   3
   d - Throw Icicle                   Conjuration/Ice              4
   e - Summon Ice Beast               Ice/Summoning                4
Comestibles
 c - 4 bread rations
 f - a beef jerky
 i - 2 meat rations
 n - a slice of pizza


   Skills:
 + Level 4.2 Fighting
 + Level 2.2 Axes
 * Level 3.1 Armour
 + Level 1.4 Dodging
 + Level 0.2 Stealth
 + Level 2.6 Invocations


You had 4 spell levels left.
You didn't know any spells.

Dungeon Overview and Level Annotations

Branches:
Dungeon (4/15)
 Temple: D:4-7

Altars:
Dithmenos
Vehumet

Shops:
D:4 [

Annotations:
D:4 Robin


Innate Abilities, Weirdness & Mutations

You are partially covered in slimy green scales (AC +2).


Message History

You slash the black bear!
The black bear is almost dead.
The black bear goes berserk!
You hit the black bear but do no damage.
The black bear is almost dead.
The black bear bites you!
* * * LOW HITPOINT WARNING * * *
The black bear claws you.
* * * LOW HITPOINT WARNING * * *
The black bear barely misses you.
The black bear bites you but does no damage.
The black bear claws you.
* * * LOW HITPOINT WARNING * * *
The black bear claws you but does no damage.
You hit the black bear.
The black bear is almost dead.
The black bear bites you.
* * * LOW HITPOINT WARNING * * *
The black bear claws you.
You die...

###########
#.........#
#.#######.# ########
###...## #.# #......#
##.....####.###.####.#
..................<..#
##.....####.###.###..#
###.....###.# #.###..#
# #......##.# #.@h...#
# #.........# #####..#
# ####.###### ##.# #
#.# #.# # #.# #.# #
##'## #.# # ##...##
#.# # ##.....## ###
#.# ###.......##
##.###.#


You could see a black bear (berserk).

Vanquished Creatures
  A worker ant (D:3)
  5 adders
  3 oozes
  A worm (D:2)
  A dart slug (D:3)
  4 giant geckos
  4 giant cockroaches
  13 goblins
  5 hobgoblins
  2 ball pythons
  3 giant newts
  6 kobolds
  7 rats
55 creatures vanquished.

Vanquished Creatures (others)
  A rat (D:2)
1 creature vanquished.

Grand Total: 56 creatures vanquished

Notes
Turn   | Place    | Note
--------------------------------------------------------------
     0 | Abyss:1  | Gargoyl the Demonspawn Abyssal Knight began the quest for the Orb.
     0 | Abyss:1  | Reached XP level 1. HP: 18/18 MP: 2/2
    64 | Abyss:2  | Noticed a neqoxec
    65 | D:1      | Escaped the Abyss
   243 | D:1      | Reached * piety under Lugonu
   308 | D:1      | Gained mutation: You are partially covered in slimy green scales (AC +2). [demonic ancestry]
   308 | D:1      | Reached XP level 2. HP: 24/24 MP: 3/3
   693 | D:1      | Reached skill level 1 in Dodging
  1132 | D:2      | Found a shadowy altar of Dithmenos.
  1228 | D:2      | Reached XP level 3. HP: 16/30 MP: 4/4
  1625 | D:2      | Reached skill level 4 in Fighting
  1930 | D:2      | Reached XP level 4. HP: 37/37 MP: 5/5
  2149 | D:2      | Found a radiant altar of Vehumet.
  2488 | D:3      | Reached ** piety under Lugonu
  3113 | D:3      | Reached XP level 5. HP: 39/42 MP: 6/6
  3232 | D:4      | Found Ecviolen's Armour Boutique.
  3232 | D:4      | Noticed Robin
  3232 | D:4      | Noticed a black bear
  3257 | D:3      | HP: 1/42 [black bear (6)]
  3257 | D:3      | Slain by a black bear

Skill      XL: |  1  2  3  4 |
---------------+-------------+-----
Armour         | 2 3 |  3.1
Dodging        | 1 |  1.4
Axes           | 2 |  2.2
Fighting       | 4 |  4.2
Stealth        | |  0.2
Invocations    | |  2.6

Action                   |  1- 3 |  4- 6 || total
-------------------------+-------+-------++-------
Melee: Hand axe          |    99 |   115 ||   214
Invok: Depart the Abyss  |     1 |       ||     1
  Use: Potion            |     1 |       ||     1
  Eat: Chunk             |     3 |     4 ||     7
Armor: Chain mail        |    61 |   125 ||   186
Dodge: Dodged            |    39 |    47 ||    86
